 Dungeon Crawl Stone Soup version 0.28-a0-793-g31680bbd8b (webtiles) character file.

Game seed: 9881225946209353501

13114 bjtr the Destroyer (level 12, -31/75 (89) HPs)
             Began as a Human Conjurer on Nov 4, 2021.
             Was a Follower of Vehumet.
             Killed from afar by Josephine (38 damage)
             ... with a ghostly fireball
             ... on level 12 of the Dungeon on Nov 5, 2021.
             The game lasted 01:13:00 (15889 turns).

bjtr the Destroyer (Human Conjurer)                Turns: 15889, Time: 01:13:03

HP:   -31/75 (89)   AC: 19    Str:  8    XL:     12   Next: 28%
MP:   12/24         EV: 12    Int: 28    God:    Vehumet [*.....]
Gold: 1082          SH:  0    Dex: 11    Spells: 16/27 levels left

rFire   + + .      SeeInvis .   b - +8 spear of the Throat {vorpal, rElec Int+4}
rCold   . . .      Faith    .   I - +3 buckler {AC+3}
rNeg    . . .      Spirit   .   k - +0 swamp dragon scales
rPois   +          Reflect  +   t - +1 helmet
rElec   +          Harm     .   s - +1 cloak
rCorr   .          Rampage  .   o - +1 pair of gloves
Will    +....                   (no boots)
Stlth   +.........              c - amulet of reflection
HPRegen 0.22/turn               h - ring of willpower
MPRegen 0.19/turn               X - ring "Dawk" {rF++ Slay+4}

@: confused, ambrosia-drunk, very slightly contaminated, heavily drained
A: no striking features
a: Renounce Religion


You were on level 12 of the Dungeon.
You worshipped Vehumet.
Vehumet was aware of your devotion.
You visited 2 branches of the dungeon, and saw 15 of its levels.

You collected 1682 gold pieces.
You spent 600 gold pieces at shops.

Inventory:

Hand Weapons
 a - a +2 rapier of venom
 b - the +8 spear of the Throat (weapon) {vorpal, rElec Int+4}
   (You found it on level 12 of the Dungeon)

   It inflicts extra damage upon your enemies.
   Int:       It affects your intelligence (+4).
   rElec:     It insulates you from electricity.
 d - a +0 morningstar
 x - a +0 scimitar
Missiles
 m - 4 javelins
 y - 4 datura-tipped darts
 B - a throwing net
 C - 4 boomerangs
 W - 2 boomerangs of dispersal
Armour
 g - a +0 troll leather armour
 k - +0 swamp dragon scales (worn)
 o - a +1 pair of gloves (worn)
 s - a +1 cloak (worn)
 t - a +1 helmet (worn)
 I - a +3 buckler of protection (worn)
Jewellery
 c - an amulet of reflection (around neck)
 h - a ring of willpower (left hand)
 p - a ring of protection from fire
 w - a ring of magical power
 G - a ring of magical power
 O - a +6 ring of dexterity
 Q - a ring of protection from cold
 X - the ring "Dawk" (right hand) {rF++ Slay+4}
   (You acquired it on level 10 of the Dungeon)

   [ring of slaying]

   Slay:      It affects your accuracy & damage with ranged weapons and melee
   (+4).
   rF:        It greatly protects you from fire.
Wands
 A - a wand of flame (13)
 D - a wand of polymorph (18)
 K - a wand of mindburst (13)
Scrolls
 e - 3 scrolls of identify
 n - 3 scrolls of amnesia
 U - a scroll of fear
Potions
 f - 3 potions of mutation
 i - 6 potions of curing
 j - 2 potions of cancellation
 J - 2 potions of berserk rage
 L - 3 potions of attraction
 N - a potion of brilliance
 Y - 2 potions of might


   Skills:
 - Level 6.4 Fighting
 - Level 7.9 Armour
 - Level 7.9 Dodging
 + Level 5.1 Stealth
 - Level 4.0 Shields
 + Level 8.0 Spellcasting
 * Level 9.7 Conjurations
 + Level 1.3 Translocations
 + Level 0.5 Fire Magic
 + Level 2.6 Evocations


You had 16 spell levels left.
You knew the following spells:

 Your Spells              Type           Power      Damage    Failure   Level
a - Magic Dart            Conj           100%       1d8       1%          1
b - Searing Ray           Conj           100%       2d8       1%          2
c - Iskenderun's Mystic   Conj/Tloc      42%        2d10      13%         4
d - Sticky Flame          Conj/Fire      40%        2d6       16%         4

Your spell library contained the following spells:

 Spells                   Type           Power      Damage    Failure   Level
 Freeze                   Ice            44%        1d6       12%         1
 Conjure Flame            Conj/Fire      40%        6-21      4%          3
 Dazzling Flash           Conj/Hex       76%        N/A       4%          3
 Iskenderun's Battlesphe  Conj           60%        2d11      6%          5
 Fulminant Prism          Conj/Hex       19%        3d11      17%         4
 Ignite Poison            Fire/Tmut/Pois 12%        N/A       34%         3
 Lightning Bolt           Conj/Air       19%        1d33      43%         5
 Airstrike                Air            5%         N/A       77%         4
 Summon Lightning Spire   Summ/Air       11%        N/A       77%         4
 Conjure Ball Lightning   Conj/Air       19%        3x3d6     95%         6
 Iron Shot                Conj/Erth      19%        9d4       95%         6
 Agony                    Necr           11%        N/A       98%         5
 Silence                  Hex/Air        5%         N/A       98%         5
 Spellforged Servitor     Conj/Summ      19%        N/A       100%        7
 Discord                  Hex            5%         N/A       100%        8
 Disjunction              Tloc           9%         N/A       100%        8


Dungeon Overview and Level Annotations

Branches:
Dungeon (14/15)            Temple (1/1) D:7            Lair (0/6) D:9
    Orc (0/2) D:11
 Vaults: D:13-14

Altars:
Ashenzari
Cheibriados
Dithmenos
Elyvilon
Fedhas
Gozag
Hepliaklqana
Kikubaaqudgha
Makhleb
Nemelex Xobeh
Okawaru
Qazlal
Ru
Sif Muna
Trog
Uskayaw
Vehumet
Wu Jian
Xom
Yredelemnul
Zin
The Shining One

Shops:
D:6 (=*   D:11 ([   D:13 ?!

Portals:
Trove: D:12 (give +4 ice dragon scales)

Annotations:
D:12 Josephine


Message History

Vehumet accepts your kill.
You feel your power returning.
Unknown command.
Casting: Iskenderun's Mystic Blast (dangerous; 13% risk of failure)
Confirm with . or Enter, or press ? or * to list all spells.
Aiming: Searing Ray (safe; 1% risk of failure)
Press: ? - help, Shift-Dir - straight line, f/p - Josephine
Aim: Josephine, wielding a +1 dagger of draining and wearing a +1 robe of the Archmagi (severely wounded, 83% to hit)
The searing ray misses Josephine.
The searing ray hits the wraith!
The wraith is moderately damaged. (Press . to maintain the ray.) Josephine casts a spell at you.
The ghostly flame explodes!
The ghostly fireball engulfs you!!
You feel drained.
The searing ray hits Josephine.
Josephine is almost dead.
The searing ray hits the wraith.
The wraith is heavily damaged.
Josephine casts a spell at you.
The ghostly flame explodes!
The ghostly fireball engulfs the wraith.
The wraith completely resists.
The ghostly fireball engulfs the wraith.
The wraith completely resists.
The ghostly fireball engulfs Josephine.
Josephine completely resists.
The ghostly fireball engulfs you!!
You feel drained.
* * * LOW HITPOINT WARNING * * *
You are confused.
You feel invigorated. The wraith hits you but does no damage.
Josephine grins malevolently.
Josephine gestures at you while chanting.
The ghostly flame explodes!
The ghostly fireball engulfs the wraith.
The wraith completely resists.
The ghostly fireball engulfs the wraith.
The wraith completely resists.
The ghostly fireball engulfs Josephine.
Josephine completely resists.
The ghostly fireball engulfs you!!!
You feel drained.
Ouch! That really hurt!
You die...

##..# #. ##...##
#[ #.....# #.
##...## #. .#
##.## #. #..#
#.# #. #... #.#
#. #.W########.#
#. #W@W@....##<#
#.
.....######.##.#
#. ..# #.##.###
##
#.##...#######
#.####........
#.# #.######.
#.# #.#
#.####.####
#.........#


You could see Josephine and 3 wraiths.

Vanquished Creatures
  Nessos (D:12)
  A boulder beetle (D:12)
  Erolcha (D:9)
  A centaur warrior (D:13)
  3 two-headed ogres
  Pikel (D:6)
  An ugly thing (D:8)
  A manticore (D:11)
  2 centaur zombies
  Joseph (D:7)
  Psyche (D:10)
  Maggie (D:7)
  A komodo dragon (D:11)
  A troll (D:11)
  A hornet (D:9)
  Sigmund (D:3)
  2 wraiths
  A wyvern (D:8)
  Grum (D:9)
  11 yaks
  2 steam dragons
  A vampire mosquito (D:13)
  An acid dragon (D:10)
  Duvessa (D:4)
  A water moccasin (D:6)
  2 orc warriors
  3 ice beasts
  A hornet zombie (D:8)
  2 sky beasts
  2 necrophages
  An ogre (D:5)
  6 centaurs
  4 wolves (D:9)
  3 lemures (D:6)
  A bullfrog (D:9)
  A water moccasin zombie (D:5)
  Dowan (D:4)
  4 howler monkeys
  3 hounds
  4 orc priests
  A bullfrog skeleton (D:4)
  A quasit (D:5)
  A jelly (D:6)
  A centaur skeleton (D:6)
  An iguana (D:4)
  2 orc wizards
  2 hound skeletons
  Robin (D:2)
  4 gnolls (D:4)
  5 adders
  A white imp (D:8)
  An ufetubus (D:6)
  An adder skeleton (D:4)
  2 worms
  A dart slug (D:2)
  33 orcs
  6 bats
  11 endoplasms
  A giant cockroach (D:2)
  11 goblins
  6 hobgoblins
  8 jackals (D:2)
  5 kobolds
  3 quokkas
  6 ball pythons
  3 frilled lizards (D:2)
  2 goblin zombies (D:5)
  2 hobgoblin zombies (D:5)
  A kobold skeleton (D:5)
  A kobold zombie (D:5)
  An orc skeleton (D:5)
  An orc zombie (D:5)
  3 rats
207 creatures vanquished.

Vanquished Creatures (others)
  A vault guard (D:14)
  A centaur (D:13)
  An orc wizard (D:3)
  9 plants (D:12)
12 creatures vanquished.

Grand Total: 219 creatures vanquished

Notes
Turn   | Place    | Note
-------+----------+-------------------------------------------
     0 | D:1      | bjtr the Human Conjurer began the quest for the Orb.
     0 | D:1      | Reached XP level 1. HP: 13/13 MP: 3/3
   182 | D:1      | Reached XP level 2. HP: 19/19 MP: 0/5
   185 | D:1      | Learned a level 2 spell: Searing Ray
   838 | D:2      | Reached XP level 3. HP: 24/24 MP: 1/6
   992 | D:2      | Reached skill level 1 in Shields
  1168 | D:2      | Reached XP level 4. HP: 30/30 MP: 0/7
  1341 | D:2      | Noticed Robin
  1345 | D:2      | Killed Robin
  1640 | D:2      | Reached skill level 5 in Conjurations
  1849 | D:2      | Reached XP level 5. HP: 34/35 MP: 3/9
  1903 | D:2      | Found a faded altar of an unknown god.
  2162 | D:3      | Noticed Sigmund
  2166 | D:3      | Reached skill level 1 in Armour
  2170 | D:3      | Killed Sigmund
  2171 | D:3      | Reached XP level 6. HP: 34/42 MP: 0/11
  3520 | D:4      | Reached XP level 7. HP: 47/47 MP: 9/12
  3771 | D:4      | Noticed Dowan
  3772 | D:4      | Noticed Duvessa
  3789 | D:4      | Killed Dowan
  3790 | D:4      | Reached skill level 1 in Fighting
  3793 | D:4      | Killed Duvessa
  4616 | D:5      | Entered Level 5 of the Dungeon
  4664 | D:5      | Reached XP level 8. HP: 18/56 MP: 5/13
  5428 | D:5      | Found a glowing golden altar of the Shining One.
  5865 | D:6      | Found Weff's Assorted Antiques.
  5877 | D:6      | Bought a runed buckler for 180 gold pieces
  6411 | D:6      | Found Piukhemp's Jewellery Shoppe.
  6425 | D:6      | Found Latzifyo's Antique Weapon Shoppe.
  6440 | D:6      | Noticed Pikel
  6468 | D:6      | Killed Pikel
  6469 | D:6      | Reached skill level 5 in Spellcasting
  6469 | D:6      | Reached skill level 6 in Conjurations
  6469 | D:6      | Reached XP level 9. HP: 16/64 MP: 8/16
  6957 | D:7      | Found a staircase to the Ecumenical Temple.
  6973 | Temple   | Entered the Ecumenical Temple
  7151 | Temple   | Became a worshipper of Vehumet
  7462 | D:7      | Noticed Maggie
  7481 | D:7      | Killed Maggie
  7482 | D:7      | Reached skill level 5 in Armour
  7709 | D:7      | Noticed Joseph
  7726 | D:7      | Killed Joseph
  7727 | D:7      | Reached skill level 5 in Dodging
  7727 | D:7      | Reached skill level 1 in Evocations
  8345 | D:8      | Reached XP level 10. HP: 46/71 MP: 18/18
  8714 | D:8      | Reached skill level 7 in Conjurations
  8971 | D:8      | Noticed a cyan ugly thing
  9068 | D:8      | Killed a cyan ugly thing
  9898 | D:9      | Noticed Grum
  9919 | D:9      | Killed Grum
  9988 | D:9      | Noticed Erolcha
 10025 | D:9      | Reached * piety under Vehumet
 10025 | D:9      | Offered knowledge of Freeze by Vehumet.
 10026 | D:9      | Reached skill level 5 in Fighting
 10041 | D:9      | Reached XP level 11. HP: 64/79 MP: 21/21
 10491 | D:9      | Found a staircase to the Lair.
 10680 | D:9      | Killed Erolcha
 10681 | D:9      | Reached skill level 8 in Conjurations
 11209 | D:10     | Entered Level 10 of the Dungeon
 11338 | D:10     | Learned a level 4 spell: Iskenderun's Mystic Blast
 11477 | D:10     | Noticed Psyche
 11494 | D:10     | Killed Psyche
 12114 | D:10     | Identified a scroll of acquirement
 12114 | D:10     | Acquired the ring "Dawk" {rF++ Slay+4}
 12471 | D:11     | Noticed a manticore
 12481 | D:11     | Killed a manticore
 12605 | D:11     | You fall into a shaft and drop 3 floors!
 12616 | D:14     | Noticed a skeletal warrior
 12763 | D:14     | Killed a vault guard
 12799 | D:14     | Noticed an eight-headed hydra
 12819 | D:14     | Noticed a boulder beetle
 12848 | D:13     | Found Fuesey's Magic Scroll Shoppe.
 12858 | D:13     | Noticed a centaur warrior
 12858 | D:13     | Noticed a death knight
 12864 | D:13     | Killed a centaur warrior
 12867 | D:13     | Noticed a centaur warrior
 12869 | D:13     | Noticed a two-headed ogre
 12873 | D:13     | Found Xodotse's Distillery.
 13285 | D:12     | Noticed a boulder beetle
 13310 | D:12     | Noticed a two-headed ogre
 13329 | D:12     | Killed a two-headed ogre
 13337 | D:12     | Learned a level 4 spell: Sticky Flame
 13360 | D:12     | Noticed Nessos
 13442 | D:12     | Found a hazy altar of Hepliaklqana.
 13474 | D:12     | Killed a boulder beetle
 13559 | D:12     | Found a portal to a secret trove of treasure.
 13639 | D:12     | Identified the +8 spear of the Throat {vorpal, rElec Int+4}
 13657 | D:12     | Killed Nessos
 13658 | D:12     | Reached skill level 9 in Conjurations
 13658 | D:12     | Reached XP level 12. HP: 88/89 MP: 23/23
 13746 | D:11     | Found Inimosix's Weapon Shop.
 13746 | D:11     | Found a staircase to the Orcish Mines.
 14543 | D:6      | Bought an amulet of reflection for 420 gold pieces
 14730 | D:11     | Found Boklioc's Armour Shop.
 14852 | D:11     | Acquired 735 gold pieces
 14856 | D:11     | Noticed a two-headed ogre
 14869 | D:11     | Killed a two-headed ogre
 15057 | D:11     | Reached skill level 5 in Stealth
 15065 | D:11     | Noticed a two-headed ogre
 15074 | D:11     | Killed a two-headed ogre
 15075 | D:11     | Reached skill level 1 in Translocations
 15877 | D:12     | Noticed Josephine
 15888 | D:12     | HP: 4/80 [Josephine/ghostly fireball (21)]
 15889 | D:12     | Killed from afar by Josephine

Illustrated notes

Levels and vault maps discovered:
D:1:      minmay_arrival_up_and_down, layout_rooms, hangedman_glass_teeth
D:2:      kennysheep_six_static_rooms, layout_rooms,
          hellmonk_ecumenical_altar_run_dry, uniq_robin
D:3:      layout_basic, uniq_sigmund
D:4:      layout_loops_ring, uniq_duvessa
D:5:      layout_loops_cross, nicolae_tso_besieged_by_evil, minivault_19,
          grunt_ministairs_2
D:6:      layout_basic, serial_shops, shop, shop, nicolae_shop_crystal,
          lightli_orcish_oven, uniq_pikel
D:7:      layout_rooms, minmay_temple_entry_proselytizer,
          chequers_serial_rivers_room_b, uniq_joseph, uniq_maggie
D:8:      layout_basic
D:9:      layout_loops_cross, lair_entry_dummy, chequers_serial_rivers_small_b,
          uniq_grum, uniq_erolcha
D:10:     layout_basic, uniq_psyche
D:11:     layout_loops_ring, orc_david_3
D:12:     minmay_clustersquares, layout_loops_ring, gammafunk_ghost_necromancy,
          enter_trove_6, nicolae_hepliaklqana_hazy_memory, uniq_josephine,
          uniq_nessos
D:13:     layout_rooms, serial_shops, shop, nicolae_square_shop, shop,
          serial_corexii_hall, corexii_hall_statues_l, corexii_hall_statues_s,
          kennysheep_nub
D:14:     kennysheep_room_grid, layout_loops_ring, ximxim_vaults_locker_room
Temple:   minmay_crystal_snake_temple

Skill      XL: |  1  2  3  4  5  6  7  8  9 10 11 12 |
---------------+-------------------------------------+-----
Shields        | 1 2 3 4 |  4.0
Conjurations   | 5 6 7 9 |  9.7
Armour         | 1 2 3 4 5 6 7 |  7.9
Spellcasting   | 3 5 6 7 8 |  8.0
Fighting       | 1 3 5 6 |  6.4
Stealth        | 3 4 5 |  5.1
Dodging        | 3 4 5 6 7 |  7.9
Evocations     | 1 2 |  2.6
Translocations | 1 |  1.3
Fire Magic     | |  0.5

Action                   |  1- 3 |  4- 6 |  7- 9 | 10-12 || total
-------------------------+-------+-------+-------+-------++-------
Melee: Short sword       |     5 |    53 |       |       ||    58
       Scythe            |       |    31 |    68 |       ||    99
       Quarterstaff      |       |     6 |       |       ||     6
       Rapier            |       |       |   115 |   211 ||   326
       Spear             |       |       |       |    27 ||    27
 Cast: Magic Dart        |    15 |       |     2 |       ||    17
       Searing Ray       |    10 |    19 |    34 |    36 ||    99
       Iskenderun's Myst |       |       |       |     9 ||     9
       Sticky Flame      |       |       |       |     1 ||     1
Evoke: Wand              |       |     2 |     7 |     9 ||    18
  Use: Scroll            |       |     9 |    10 |     8 ||    27
       Potion            |       |       |     3 |    11 ||    14
 Stab: Sleeping          |       |     1 |     2 |     2 ||     5
Armor: Robe              |     1 |       |       |       ||     1
       Leather armour    |    14 |    44 |   131 |       ||   189
       Swamp dragon scal |       |       |    19 |   205 ||   224
       Skin              |       |       |       |     7 ||     7
Dodge: Dodged            |    12 |    82 |   176 |   189 ||   459
Block: Buckler           |       |       |    68 |   164 ||   232
       Reflection        |       |       |       |     1 ||     1

Table legend: (Time is in decaauts)
 A = Elapsed time spent in this place.
 B = Non-inter-level travel time spent in this place.
 C = Inter-level travel time spent in this place.
 D = Time resting spent in this place.
 E = Time spent auto-exploring this place.
 F = Levels seen in this place.
 G = Mean time per level.
                   A        B        C        D        E       F      G
               +--------+--------+--------+--------+--------+-----+--------+
         Total |  16044 |  15261 |    783 |   5307 |   6838 |  15 | 1069.6 |
       Dungeon |  15563 |  14790 |    773 |   5158 |   6558 |  14 | 1111.6 |
        Temple |    481 |    471 |     10 |    149 |    280 |   1 |  481.0 |
               +--------+--------+--------+--------+--------+-----+--------+

Top non-repeatable levels by time:
    D:10: 1982 daAuts
     D:9: 1621 daAuts
     D:4: 1535 daAuts
     D:2: 1396 daAuts
     D:8: 1359 daAuts
     D:6: 1315 daAuts
    D:11: 1262 daAuts
     D:5: 1208 daAuts
     D:3: 1091 daAuts
     D:7: 1028 daAuts
    D:12: 799 daAuts
     D:1: 667 daAuts
  Temple: 481 daAuts
    D:14: 243 daAuts
    D:13: 51 daAuts
